 Dungeon Crawl Stone Soup version 0.27.1-33-g824d729ab1 (webtiles) character file.

Game seed: 10287743334574777571

175 alasdair19 the Covered (level 5, -10/47 HPs)
             Began as a Minotaur Fighter on Dec 11, 2021.
             Mangled by an ogre (17 damage)
             ... on level 4 of the Dungeon.
             The game lasted 00:04:20 (2959 turns).

alasdair19 the Covered (Minotaur Fighter)           Turns: 2959, Time: 00:04:20

Health: -10/47     AC:  7    Str: 21    XL:     5   Next: 29%
Magic:  4/4        EV:  7    Int:  6    God:
Gold:   141        SH:  9    Dex:  9    Spells: 4/4 levels left

rFire    . . .     SeeInvis .   a - +0 long sword
rCold    . . .     Faith    .   c - +0 kite shield
rNeg     . . .     Spirit   .   b - +0 scale mail
rPois    .         Reflect  .   (helmet restricted)
rElec    .         Harm     .   (no cloak)
rCorr    .         Rampage  .   (no gloves)
Will     .....                  (no boots)
Stlth    ..........             (no amulet)
HPRegen  0.15/turn              (no ring)
MPRegen  0.09/turn              (no ring)

@: no status effects
A: horns 2, retaliatory headbutt
a: no special abilities


You were on level 4 of the Dungeon.
You visited 1 branch of the dungeon, and saw 4 of its levels.

You collected 141 gold pieces.

Inventory:

Hand Weapons
 a - a +0 long sword (weapon)
Missiles
 i - 10 boomerangs (quivered)
Armour
 b - a +0 scale mail (worn)
 c - a +0 kite shield (worn)
Jewellery
 h - a ring of ice
Scrolls
 e - a scroll of identify
 f - 2 scrolls of magic mapping
 g - a scroll of noise {unknown}
Potions
 d - 2 potions of might
 j - a potion of invisibility


   Skills:
 + Level 4.3 Fighting
 + Level 4.1 Long Blades
 * Level 1.5 Throwing
 + Level 4.7 Armour
 + Level 4.5 Shields


You had 4 spell levels left.
You didn't know any spells.
Your spell library was empty.

Dungeon Overview and Level Annotations

Branches:
Dungeon (4/15)
 Temple: D:4-7

Altars:


Innate Abilities, Weirdness & Mutations

You have a pair of horns on your head.
You reflexively headbutt those who attack you in melee.


Message History

Found 12 stones.
Found 18 gold pieces.
You now have 117 gold pieces (gained 18).
Found 5 gold pieces.
Found 19 gold pieces.
You now have 122 gold pieces (gained 5).
You now have 141 gold pieces (gained 19).
There is a stone staircase leading down here.
Done exploring.
Done exploring.
Done exploring.
(D) Dungeon
Where to? (Enter - D:3, ? - help)
What level of the Dungeon? (default 1, ? - help)
There is a stone staircase leading down here.
You climb downwards.
The ogre shouts!
Found a robe and 19 sling bullets.
Found a stone staircase leading up.
There is a stone staircase leading up here.
An ogre is nearby!
You barely miss the ogre. Your headbutt misses the ogre.
You block the ogre's attack.
You closely miss the ogre. You block the ogre's attack.
You slash the ogre! Your headbutt misses the ogre.
The ogre is moderately wounded.
You block the ogre's attack.
You hit the ogre.
The ogre is heavily wounded.
The ogre hits you with a +0 giant club!!
Your shield and scale mail prevent you from hitting the ogre.
The ogre is heavily wounded.
The ogre closely misses you.
You barely miss the ogre.
The ogre is heavily wounded.
The ogre hits you with a +0 giant club!!
* * * LOW HITPOINT WARNING * * *
You hit the ogre.
The ogre is heavily wounded.
The ogre hits you with a +0 giant club!
You die...

##..#
###....
#..... #
###....
##.##.....
#........
......(.#
...[..O@#
#.......#
#####...#
..#..#
...#..#
.<.. ..##
... .. ..#
#.#


You could see an ogre.

Vanquished Creatures
  A bullfrog skeleton (D:3)
  8 adders
  A worm (D:2)
  A dart slug (D:3)
  7 orcs (D:3)
  6 bats
  4 endoplasms
  2 giant cockroaches (D:2)
  6 goblins
  7 hobgoblins
  2 jackals (D:2)
  5 ball pythons
  6 frilled lizards
  3 kobolds
  7 rats
66 creatures vanquished.

Notes
Turn   | Place    | Note
-------+----------+-------------------------------------------
     0 | D:1      | alasdair19 the Minotaur Fighter began the quest for the
                  | Orb.
     0 | D:1      | Reached XP level 1. HP: 19/19 MP: 0/0
   130 | D:1      | Reached XP level 2. HP: 19/27 MP: 1/1
   537 | D:1      | Found a faded altar of an unknown god.
   930 | D:2      | Reached XP level 3. HP: 12/33 MP: 2/2
  1625 | D:2      | Reached XP level 4. HP: 38/40 MP: 3/3
  2057 | D:3      | Reached skill level 1 in Throwing
  2253 | D:3      | Reached XP level 5. HP: 45/47 MP: 4/4
  2952 | D:4      | Noticed an ogre
  2959 | D:4      | Mangled by an ogre

Illustrated notes

Levels and vault maps discovered:
D:1:      dpeg_arrival_simpleton_a, layout_basic,
          hellmonk_ecumenical_altar_inner_sanctum
D:2:      layout_loops_ring, hangedman_decor_riveting, minmay_pentomino_v2
D:3:      layout_loops_cross
D:4:      layout_cave_pools, serial_shops, nicolae_take_the_stairs,
          nicolae_shop_clearance

Skill      XL: |  1  2  3  4  5 |
---------------+----------------+-----
Shields        | 4 |  4.5
Armour         | 4 |  4.7
Fighting       | 4 |  4.3
Long Blades    | 3 4 |  4.1
Throwing       | 1 |  1.5

Action                   |  1- 3 |  4- 6 || total
-------------------------+-------+-------++-------
Melee: Long sword        |    83 |    73 ||   156
       Headbutt          |    10 |    16 ||    26
Throw: Boomerang         |     5 |     3 ||     8
  Use: Scroll            |     3 |     1 ||     4
Armor: Scale mail        |    51 |    36 ||    87
Dodge: Dodged            |    25 |    15 ||    40
Block: Kite shield       |    45 |    33 ||    78
       Rpst.: Long sword |     6 |     3 ||     9
